 Dungeon Crawl Stone Soup version 0.31-a0-841-g038b102fc3 (console) character file.

Game seed: 3917236806565546084

121453 jejorda2 the Cleaver (level 16, 0/195 HPs)
             Began as a Gnoll Berserker on Sept 26, 2023.
             Was a High Priest of Trog.
             Slain by a faun
             ... wielding a +0 club
              (6 damage)
             ... on level 3 of the Shoals on Sept 27, 2023.
             The game lasted 01:15:29 (27450 turns).

jejorda2 the Cleaver (Gnoll Berserker)             Turns: 27450, Time: 01:15:29

Health: 0/195      AC: 30    Str: 23    XL:     16   Next: 85%
Magic:  31/31      EV: 13    Int:  7    God:    Trog [*****.]
Gold:   3551       SH:  0    Dex: 19    Spells: 37/37 levels left

rFire   + . .        a - +9 battleaxe (freeze)
rCold   + . .        (shield currently unavailable)
rNeg    + . .        p - +4 plate armour {Will+}
rPois   .            E - +2 helmet
rElec   .            C - scarf {rC+ rF+}
rCorr   .            h - +2 pair of gloves
SInv    .            l - +2 pair of boots {Fly}
Will    +....        O - amulet of faith Stlth
                     J - ring of positive energy
HPRegen 0.52/turn    c - +6 ring of dexterity
MPRegen 0.22/turn

%: faith
@: berserking, lit by a corona, weak-willed, flying, glowing, very quick
A: fangs 1, strong nose, distributed training, talons 1
a: Renounce Religion, Berserk, Trog's Hand, Brothers in Arms


You were on level 3 of the Shoals.
You worshipped Trog.
Trog was extremely pleased with you.
You visited 4 branches of the dungeon, and saw 25 of its levels.
You also visited: Bailey and Ice Cave.

You collected 4471 gold pieces.
You spent 920 gold pieces at shops.

Inventory:

Hand Weapons
 a - a +9 battleaxe of freezing (weapon)
 b - a +0 spectral dire flail
 w - a +3 war axe of flaming
Missiles
 e - 2 curare-tipped darts
 i - 2 javelins
 n - 19 poisoned darts
 r - 4 datura-tipped darts
 G - 7 throwing nets
 N - 14 boomerangs (quivered)
 S - 3 darts of dispersal
Armour
 h - a +2 pair of gloves (worn)
 l - a +2 pair of boots of flying (worn)
 p - a +4 plate armour of willpower (worn)
 C - a scarf of resistance (worn)
 E - a +2 helmet (worn)
Jewellery
 c - a +6 ring of dexterity (right hand)
 J - a ring of positive energy (left hand)
 O - an amulet of faith (around neck)
 R - a ring of resist corrosion
Wands
 u - a wand of acid (8)
 z - a wand of flame (23)
 D - a wand of charming (20)
 I - a wand of iceblast (8)
 K - a wand of mindburst (21)
 U - a wand of digging (16)
Scrolls
 f - 4 scrolls of poison
 o - 9 scrolls of teleportation
 q - 2 scrolls of blinking
 v - 5 scrolls of identify
 F - a scroll of fog
 H - a scroll of fear
 L - a scroll of revelation
 M - 3 scrolls of immolation
 V - a scroll of silence
Potions
 d - 9 potions of curing
 g - 9 potions of mutation
 j - 6 potions of haste
 k - 2 potions of lignification
 m - 3 potions of cancellation
 s - 3 potions of might
 t - 2 potions of ambrosia
 x - 5 potions of enlightenment
 A - 4 potions of attraction
 B - 2 potions of heal wounds
 P - a potion of invisibility
Miscellaneous
 y - a phial of floods
 Q - a lightning rod (4/4)
 W - a condenser vane


   Skills:
 + Level 13.0 Fighting
 + Level 11.4 Short Blades
 + Level 11.4 Long Blades
 + Level 13.0 Axes
 + Level 11.4 Maces & Flails
 + Level 11.4 Polearms
 + Level 11.4 Staves
 + Level 11.4 Ranged Weapons
 + Level 11.4 Throwing
 + Level 12.2 Armour
 + Level 12.2 Dodging
 + Level 11.4 Stealth
 + Level 11.4 Shields
 + Level 11.4 Unarmed Combat
 + Level 11.4 Spellcasting
 + Level 9.6 Conjurations
 + Level 9.6 Hexes
 + Level 9.6 Summonings
 + Level 9.6 Necromancy
 + Level 9.6 Translocations
 + Level 9.6 Transmutations
 + Level 9.6 Fire Magic
 + Level 9.6 Ice Magic
 + Level 9.6 Air Magic
 + Level 9.6 Earth Magic
 + Level 9.6 Poison Magic
 + Level 12.4 Invocations
 + Level 11.4 Evocations
 + Level 10.5 Shapeshifting


You had 37 spell levels left.
You didn't know any spells.
Your spell library was empty.

Dungeon Overview and Level Annotations

Branches:
Dungeon (15/15)            Temple (0/1) D:6            Lair (5/5) D:10
 Shoals (3/4) Lair:2        Snake (0/4) Lair:2        Slime (0/5) Lair:4
    Orc (2/2) D:12            Elf (0/3) Orc:2        Vaults (0/5) D:14
 Depths (0/4) D:15         Bailey (visited)           IceCv (visited)

Altars:
Dithmenos
Elyvilon
Fedhas
Gozag
Hepliaklqana
Kikubaaqudgha
Nemelex Xobeh
Okawaru
Qazlal
Vehumet
Wu Jian
Xom
Yredelemnul
Zin
The Shining One
Jiyva

Shops:
D:4 :   Orc:1 ?   Orc:2 *[*!!   Shoals:1 *   Shoals:3 :


Innate Abilities, Weirdness & Mutations

You have very sharp teeth.
Your uncanny sense of smell can sniff out nearby items.
Your experience applies equally to all skills.
You have sharp toenails.


Message History

The sling bullet hits you but does no damage.
You open the merfolk siren like a pillowcase!!!
You freeze the merfolk siren.
You kill the merfolk siren!
Trog accepts your kill.
Trog appreciates your killing of a magic user.
You hit the faun. You freeze the faun.
The faun shoots a sling bullet.
The sling bullet hits you!
* * * LOW HITPOINT WARNING * * *
The faun unwields a +0 sling.
The faun wields a +0 quarterstaff.
The faun splashes around in the water.
The faun shoots a sling bullet.
The sling bullet hits you!!
* * * LOW HITPOINT WARNING * * *
The faun unwields a +0 sling.
The faun wields a +0 club.
The faun completely misses you.
The faun unwields a +0 sling.
The faun wields a +0 quarterstaff.
The faun splashes around in the water.
You slice the faun!! You freeze the faun! Your bite misses the faun.
The faun is heavily wounded.
You barely miss the faun. You closely miss the faun. You slash the faun!
You freeze the faun.
The faun unwields a +0 sling.
The faun wields a +0 spear.
The faun hits you but does no damage. x2; The faun misses you.
You slice the faun!! You freeze the faun.
You kill the faun!
Trog accepts your kill.
Trog appreciates your killing of a magic user.
You hear a splash. x2
You closely miss the faun. x2; You slice the faun!!
You freeze the faun!
The faun hits you with a +0 quarterstaff!
* * * LOW HITPOINT WARNING * * *
The faun hits you with a +0 quarterstaff!
* * * LOW HITPOINT WARNING * * *
You slice the faun!! You freeze the faun! You bite the faun.
The faun is almost dead.
You slash the faun! You freeze the faun.
You kill the faun!
Trog accepts your kill.
Trog appreciates your killing of a magic user.
You hear a splash. x2
You closely miss the faun. The faun hits you with a +0 club.
You die...

∆ ....~~~~~~≈≈≈~~~##..~
.>..~~~~~~~~~~~.##..
#...~~~~~~~~~~~~~..~
#..~~~~~~~~....~..).
#..~~~~~~~.........~ .
##..~~~~~~~......... ~..
##.)~~~~~~.###†)...
~~..###)~~~~....# ##...~
~~~~..)@≈≈~~....###...~~
~~~~~S)cc~..~...........
~~~...~~~~~~~~~...~~~...
~~$....~~~~≈≈≈~..~~≈≈~~~
~..~~~~~~~~≈≈≈≈~~~≈≈≈≈~~
~~.~~..~~~≈≈≈≈≈≈≈≈≈≈≈~~~
~~~~~~~~~~≈≈≈≈≈≈≈≈≈≈≈~~~
≈~..~~~~~~≈≈≈≈≈≈≈≈≈≈≈~~~
≈~m~~~~~~≈≈≈≈≈≈≈≈≈≈≈≈~~.


You could see a sea snake and 2 fauns.

Vanquished Creatures
  Rupert (D:14)
  Jorgrun (D:12)
  Kirke (D:12)
  Gastronok (D:11)
  Louise (Shoals:2)
  Nessos (Orc:2)
  A fire dragon (Lair:5)
  Josephine (D:11)
  5 hydras
  Harold (D:11)
  7 centaur warriors
  4 ogre magi
  15 two-headed ogres
  3 boulder beetles
  A catoblepas (Lair:4)
  2 tengu warriors (D:13)
  A deep elf knight (D:14)
  A fire crab (D:10)
  A fire crab (shapeshifter) (D:15)
  6 skeletal warriors (D:12)
  2 goliath frogs (Lair:5)
  5 skysharks
  2 deep trolls (Orc:2)
  3 sea snakes (Shoals:1)
  Lodul (D:11)
  Pikel (D:4)
  4 orc knights
  7 deep elf pyromancers
  5 manticores
  7 fauns
  8 cyclopes
  A deep elf zephyrmancer (D:15)
  A cyclops (shapeshifter) (D:14)
  An oklob plant (Lair:3)
  9 elephants (Lair:5)
  8 ugly things
  7 black mambas
  3 merfolk sirens
  2 ice statues (IceCv)
  2 naga magi (D:15)
  11 cane toads
  Jeremiah (Lair:1)
  Maggie (D:6)
  3 centaur skeletons (D:15)
  A kobold demonologist (D:8)
  An unseen horror (D:11)
  10 rime drakes
  A yaktaur (shapeshifter) (D:14)
  2 efreet
  An unseen horror zombie (D:8)
  A freezing wraith (IceCv)
  6 komodo dragons
  A meliai (D:8)
  2 tyrant leeches (Lair:5)
  11 trolls
  10 merfolk
  A wind drake (Lair:2)
  2 hornets
  2 snapping turtles
  23 blink frogs
  5 dream sheep (Shoals:2)
  8 slime creatures
  7 wraiths
  5 shadows
  44 yaks
  A water elemental (Shoals:1)
  5 wyverns
  3 basilisks
  Eustachio (D:6)
  12 steam dragons
  15 vampire mosquitoes
  A death yak simulacrum (Orc:1)
  Menkaure (D:4)
  2 wargs
  Edmund (D:4)
  A naga (Lair:2)
  15 water moccasins
  An acid dragon (D:12)
  Duvessa (D:4)
  2 ice beasts
  A hornet zombie (D:15)
  17 orc warriors
  2 black bears
  23 centaurs
  33 ogres
  25 wolves
  2 phantoms
  A kobold brigand (D:10)
  3 scorpions
  13 bullfrogs
  4 cane toad simulacra
  3 gnoll sergeants
  3 wyvern zombies (D:8)
  A two-headed ogre simulacrum (Orc:1)
  12 wights
  Dowan (D:4)
  12 killer bees
  An elephant simulacrum (IceCv)
  2 howler monkeys (D:7)
  2 centaur zombies (D:8)
  5 gnoll boudas
  7 hounds
  A jelly (D:7)
  5 orc priests
  Crazy Yiuf (D:4)
  A sleepcap (D:6)
  4 iguanas
  20 orc wizards
  A troll simulacrum (Orc:1)
  4 hell rats (Lair:5)
  A polar bear simulacrum (Orc:1)
  A spriggan simulacrum (Orc:1)
  A killer bee zombie (D:8)
  A wolf simulacrum (Orc:1)
  26 gnolls
  7 adders
  A shadow imp (D:8)
  3 white imps
  3 ufetubi
  4 dart slugs
  51 orcs
  9 ball pythons
  5 endoplasms
  4 giant cockroaches
  5 goblins
  14 hobgoblins
  9 jackals
  7 quokkas
  8 bats
  10 frilled lizards
  10 kobolds
  7 rats
  A butterfly (Lair:5)
754 creatures vanquished.

Vanquished Creatures (collateral kills)
  A hydra (Lair:5)
  2 skeletal warriors (D:12)
  A cyclops (Orc:2)
  An elephant (Lair:5)
  6 blink frogs (Lair:5)
  A vampire mosquito (Lair:5)
  2 ogres
  An orc priest (Orc:1)
  An orc (Orc:1)
16 creatures vanquished.

Vanquished Creatures (others)
  A wizard (D:14)
  A necromancer (D:15)
  An elephant (Lair:5)
  An ogre (Orc:2)
  2 orcs (D:8)
  2 spectral weapons
8 creatures vanquished.

Grand Total: 778 creatures vanquished

Notes
Turn   | Place    | Note
-------+----------+-------------------------------------------
     0 | D:1      | jejorda2 the Gnoll Berserker began the quest for the Orb.
     0 | D:1      | Reached XP level 1. HP: 23/23 MP: 1/1
   112 | D:1      | Reached XP level 2. HP: 22/29 MP: 2/2
   400 | D:1      | Reached XP level 3. HP: 28/35 MP: 3/3
   505 | D:1      | Reached ** piety under Trog
   748 | D:2      | Reached skill level 1 in Invocations
   758 | D:2      | Identified the +9 ring mail of Vomun {Regen+ Dex+3}
   897 | D:2      | Reached skill level 1 in Short Blades
   897 | D:2      | Reached skill level 1 in Long Blades
   897 | D:2      | Reached skill level 1 in Maces & Flails
   897 | D:2      | Reached skill level 1 in Polearms
   897 | D:2      | Reached skill level 1 in Staves
   897 | D:2      | Reached skill level 1 in Ranged Weapons
   897 | D:2      | Reached skill level 1 in Throwing
   897 | D:2      | Reached skill level 1 in Stealth
   897 | D:2      | Reached skill level 1 in Shields
   897 | D:2      | Reached skill level 1 in Unarmed Combat
   897 | D:2      | Reached skill level 1 in Spellcasting
   897 | D:2      | Reached skill level 1 in Evocations
  1162 | D:2      | Reached XP level 4. HP: 37/41 MP: 5/5
  1314 | D:2      | Reached skill level 1 in Shapeshifting
  1671 | D:3      | Reached skill level 1 in Conjurations
  1671 | D:3      | Reached skill level 1 in Hexes
  1671 | D:3      | Reached skill level 1 in Summonings
  1671 | D:3      | Reached skill level 1 in Necromancy
  1671 | D:3      | Reached skill level 1 in Translocations
  1671 | D:3      | Reached skill level 1 in Transmutations
  1671 | D:3      | Reached skill level 1 in Fire Magic
  1671 | D:3      | Reached skill level 1 in Ice Magic
  1671 | D:3      | Reached skill level 1 in Air Magic
  1671 | D:3      | Reached skill level 1 in Earth Magic
  1671 | D:3      | Reached skill level 1 in Poison Magic
  1672 | D:3      | Reached XP level 5. HP: 47/47 MP: 5/7
  2044 | D:3      | Found a sparkling altar of Nemelex Xobeh.
  2095 | D:3      | Found a white marble altar of Elyvilon.
  2114 | D:3      | Reached *** piety under Trog
  2118 | D:3      | Reached XP level 6. HP: 53/53 MP: 8/8
  2281 | D:3      | Found an ancient bone altar of Kikubaaqudgha.
  2614 | D:4      | Reached skill level 5 in Armour
  2614 | D:4      | Reached skill level 5 in Dodging
  2627 | D:4      | Found Gureit's Book Emporium.
  2736 | D:4      | Found a glowing golden altar of the Shining One.
  2815 | D:4      | Reached XP level 7. HP: 57/60 MP: 10/10
  2973 | D:4      | Noticed Pikel
  2985 | D:4      | Killed Pikel
  2986 | D:4      | Reached XP level 8. HP: 67/67 MP: 10/12
  3036 | D:4      | Found a basalt altar of Yredelemnul.
  3061 | D:4      | Found a blossoming altar of Fedhas.
  3062 | D:4      | Found an ornate altar of the Wu Jian Council.
  3165 | D:4      | Noticed Edmund
  3166 | D:4      | Found a hazy altar of Hepliaklqana.
  3170 | D:4      | Noticed Menkaure
  3176 | D:4      | Killed Edmund
  3181 | D:4      | Killed Menkaure
  3252 | D:4      | Found a shimmering altar of Xom.
  3281 | D:4      | Noticed Duvessa
  3289 | D:4      | Killed Duvessa
  3291 | D:4      | Noticed Dowan
  3305 | D:4      | Killed Dowan
  3412 | D:4      | Found a runed translucent door.
  3413 | D:4      | Noticed Crazy Yiuf
  3419 | D:4      | Killed Crazy Yiuf
  3473 | D:5      | Entered Level 5 of the Dungeon
  3526 | D:5      | Found an opulent altar of Gozag.
  3880 | D:5      | Reached XP level 9. HP: 27/73 MP: 14/14
  3943 | D:5      | Found a glowing silver altar of Zin.
  4335 | D:6      | Noticed Maggie
  4356 | D:6      | Killed Maggie
  4473 | D:6      | Found a staircase to the Ecumenical Temple.
  4824 | D:6      | Reached skill level 5 in Invocations
  4862 | D:6      | Reached **** piety under Trog
  4922 | D:6      | Reached XP level 10. HP: 70/80 MP: 17/17
  5087 | D:6      | Noticed Eustachio
  5111 | D:6      | Killed Eustachio
  5112 | D:6      | Reached skill level 5 in Short Blades
  5112 | D:6      | Reached skill level 5 in Long Blades
  5112 | D:6      | Reached skill level 5 in Maces & Flails
  5112 | D:6      | Reached skill level 5 in Polearms
  5112 | D:6      | Reached skill level 5 in Staves
  5112 | D:6      | Reached skill level 5 in Ranged Weapons
  5112 | D:6      | Reached skill level 5 in Throwing
  5112 | D:6      | Reached skill level 5 in Stealth
  5112 | D:6      | Reached skill level 5 in Shields
  5112 | D:6      | Reached skill level 5 in Unarmed Combat
  5112 | D:6      | Reached skill level 5 in Spellcasting
  5112 | D:6      | Reached skill level 5 in Evocations
  5629 | D:7      | Gained mutation: You have sharp toenails. [potion of
                  | mutation]
  6448 | D:8      | Identified a scroll of acquirement
  6448 | D:8      | Acquired 940 gold pieces
  6482 | D:8      | Found a radiant altar of Vehumet.
  6677 | D:8      | Reached skill level 5 in Shapeshifting
  6788 | D:8      | Noticed a manticore
  6808 | D:8      | Killed a manticore
  6919 | D:8      | Reached XP level 11. HP: 77/87 MP: 19/19
  7008 | D:8      | Reached skill level 5 in Conjurations
  7008 | D:8      | Reached skill level 5 in Hexes
  7008 | D:8      | Reached skill level 5 in Summonings
  7008 | D:8      | Reached skill level 5 in Necromancy
  7008 | D:8      | Reached skill level 5 in Translocations
  7008 | D:8      | Reached skill level 5 in Transmutations
  7008 | D:8      | Reached skill level 5 in Fire Magic
  7008 | D:8      | Reached skill level 5 in Ice Magic
  7008 | D:8      | Reached skill level 5 in Air Magic
  7008 | D:8      | Reached skill level 5 in Earth Magic
  7008 | D:8      | Reached skill level 5 in Poison Magic
  7595 | D:9      | Noticed a two-headed ogre
  7598 | D:9      | Killed a two-headed ogre
  7630 | D:9      | Found a flagged portal.
  7642 | Bailey   | Entered a bailey
  7750 | Bailey   | Found a large runed translucent door.
  7750 | Bailey   | Found a large runed translucent door.
  7750 | Bailey   | Noticed an orc knight
  7751 | Bailey   | Noticed a deep elf pyromancer
  7771 | Bailey   | Killed an orc knight
  7774 | Bailey   | Reached ***** piety under Trog
  7918 | Bailey   | Killed a deep elf pyromancer
  7927 | Bailey   | Identified the +2 leather armour of Discretion {rF- Regen+
                  | rCorr Str-5}
  7937 | Bailey   | Identified the +6 plate armour of a wizard's laboratory
                  | {rF- Regen+ Int+5}
  8465 | D:9      | Found an iron altar of Okawaru.
  8552 | D:10     | Entered Level 10 of the Dungeon
  8848 | D:10     | Received a gift from Trog
  9042 | D:10     | Noticed a two-headed ogre
  9051 | D:10     | Killed a two-headed ogre
  9227 | D:10     | Found a stormy altar of Qazlal.
  9262 | D:10     | Noticed a fire crab
  9262 | D:10     | Found a staircase to the Lair.
  9275 | D:10     | Killed a fire crab
  9276 | D:10     | Reached XP level 12. HP: 67/97 MP: 22/22
  9690 | D:11     | Noticed Lodul
  9706 | D:11     | Killed Lodul
  9828 | D:11     | Noticed Gastronok
  9853 | D:11     | Killed Gastronok
  9854 | D:11     | Noticed Harold
 10053 | D:11     | Killed Harold
 10086 | D:11     | Noticed a boulder beetle
 10098 | D:11     | Killed a boulder beetle
 10099 | D:11     | Reached skill level 10 in Fighting
 10099 | D:11     | Reached skill level 10 in Axes
 10678 | D:11     | Noticed Josephine
 10689 | D:11     | Killed Josephine
 10766 | D:11     | Found a shadowy altar of Dithmenos.
 11088 | D:12     | Noticed Jorgrun
 11101 | D:12     | Killed Jorgrun
 11116 | D:12     | Found a staircase to the Orcish Mines.
 11362 | D:12     | Reached XP level 13. HP: 39/104 MP: 23/25
 11810 | D:12     | Found a basalt altar of Yredelemnul.
 12407 | D:12     | Noticed Kirke
 12423 | D:12     | Killed Kirke
 12519 | Lair:1   | Entered Level 1 of the Lair of Beasts
 12693 | Lair:1   | Noticed Jeremiah
 12703 | Lair:1   | Killed Jeremiah
 13452 | Lair:2   | Found a staircase to the Snake Pit.
 13704 | Lair:2   | Reached skill level 10 in Armour
 13704 | Lair:2   | Reached skill level 10 in Dodging
 13745 | Lair:2   | Found a staircase to the Shoals.
 14031 | Lair:2   | Reached XP level 14. HP: 60/113 MP: 25/27
 15219 | Lair:3   | Reached skill level 10 in Invocations
 15979 | Lair:4   | Found a viscous altar of Jiyva.
 15979 | Lair:4   | Found a staircase to the Slime Pits.
 17079 | Lair:5   | Entered Level 5 of the Lair of Beasts
 17387 | Lair:5   | Received a gift from Trog
 17432 | Lair:5   | HP: 4/113 [cane toad (11)]
 17451 | Lair:5   | HP: 5/113 [blink frog (12)]
 18093 | Lair:5   | Reached XP level 15. HP: 120/120 MP: 28/28
 18195 | Lair:5   | Identified the +1 robe of a bazaar {rElec rC- Will+ Str+2}
 18304 | Lair:5   | Reached skill level 10 in Short Blades
 18304 | Lair:5   | Reached skill level 10 in Long Blades
 18304 | Lair:5   | Reached skill level 10 in Maces & Flails
 18304 | Lair:5   | Reached skill level 10 in Polearms
 18304 | Lair:5   | Reached skill level 10 in Staves
 18304 | Lair:5   | Reached skill level 10 in Ranged Weapons
 18304 | Lair:5   | Reached skill level 10 in Throwing
 18304 | Lair:5   | Reached skill level 10 in Stealth
 18304 | Lair:5   | Reached skill level 10 in Shields
 18304 | Lair:5   | Reached skill level 10 in Unarmed Combat
 18304 | Lair:5   | Reached skill level 10 in Spellcasting
 18304 | Lair:5   | Reached skill level 10 in Evocations
 20640 | D:14     | Found a gate to the Vaults.
 20707 | D:14     | Received a gift from Trog
 20928 | D:14     | Noticed Rupert
 20938 | D:14     | Killed Rupert
 21146 | D:14     | You are sucked into a shaft and drop 1 floor!
 21146 | D:15     | Entered Level 15 of the Dungeon
 22011 | D:15     | Found a staircase to the Depths.
 22358 | D:15     | Reached XP level 16. HP: 71/129 MP: 30/30
 22961 | Orc:1    | Entered Level 1 of the Orcish Mines
 23010 | Orc:1    | Found Piutrug's Magic Scroll Boutique.
 23013 | Orc:1    | Found a frozen archway.
 23034 | IceCv    | Entered an ice cave
 23057 | IceCv    | Found a transporter.
 23066 | IceCv    | Found a transporter.
 23579 | Orc:2    | Entered Level 2 of the Orcish Mines
 23626 | Orc:2    | Noticed Nessos
 23636 | Orc:2    | Killed Nessos
 23666 | Orc:2    | Reached skill level 10 in Shapeshifting
 23893 | Orc:2    | Found a staircase to the Elven Halls.
 23917 | Orc:2    | Found Wuttom's General Store.
 24191 | Orc:2    | Found Ynim's Armour Shoppe.
 24197 | Orc:2    | Found Deafirosk's General Store.
 24218 | Orc:2    | Received a gift from Trog
 24717 | Orc:2    | Found Ubluurch's Distillery.
 24727 | Orc:2    | Found Sooblim's Distillery.
 24832 | Orc:2    | Bought a condenser vane for 400 gold pieces
 25035 | Shoals:1 | Entered Level 1 of the Shoals
 25651 | Shoals:1 | Found Wuvo's Gadget Gallery.
 25671 | Shoals:1 | Bought a lightning rod (4/4) for 520 gold pieces
 25933 | Shoals:1 | Upgraded the game from 0.31-a0-836-g3ceb0a68c4 to
                  | 0.31-a0-841-g038b102fc3
 26367 | Shoals:2 | Noticed Louise
 26374 | Shoals:2 | Killed Louise
 27141 | Shoals:3 | Found Pukketoo's Book Emporium.
 27449 | Shoals:3 | HP: 6/195 [faun/+0 quarterstaff (17)]
 27450 | Shoals:3 | Slain by a faun

Illustrated notes

Levels and vault maps discovered:
D:1:      psy_arrival_dodecagon, layout_loops_ring
D:2:      layout_loops_ring
D:3:      layout_basic, elyvilon_altar_1, nemelex_altar_shiori,
          mainiacjoe_overflow_small_starburst,
          wander_ebering_terrifying_dragon_lair
D:4:      wad_woods_stonehenge, layout_loops_cross, mainiacjoe_overflow_catwalk,
          nicolae_hepliaklqana_hazy_memory,
          chequers_temple_overflow_statue_of_worship, serial_shops,
          nicolae_take_the_stairs, uniq_duvessa, uniq_menkaure,
          uniq_crazy_yiuf_cottage, uniq_edmund, uniq_pikel
D:5:      layout_loops_ring, lemuel_doored_altar, mainiacjoe_overflow_alcove_4
D:6:      kennysheep_housing_project, layout_basic, minmay_temple_entry_fiery,
          grunt_decor_mini_mirrors, uniq_maggie, uniq_eustachio
D:7:      layout_basic, minmay_bent
D:8:      layout_loops_corners, mainiacjoe_overflow_boulevard, serial_undead,
          serial_undead_e, serial_undead_b, serial_undead_e, serial_undead_a,
          minmay_shattered_shrine
D:9:      layout_roguey, mainiacjoe_overflow_alcove_2, enter_bailey_2
D:10:     layout_long_grid, nicolae_qazlal_style_of_elements,
          minmay_lair_entry_lava
D:11:     layout_small_grid, nicolae_dithmenos_the_darkroom, uniq_harold,
          uniq_lodul, uniq_josephine, uniq_gastronok
D:12:     layout_loops_ring, orc_0_dummy, yredelemnul_altar_generic,
          uniq_jorgrun, uniq_kirke
D:13:     layout_rooms
D:14:     layout_loops_ring, hangedman_vaults_entry_quadrant_bands, uniq_rupert
D:15:     grunt_enter_depths_magical_seal, layout_loops_ring,
          nicolae_kite_square_tiling_tiny
Lair:1:   layout_chaotic_city, uniq_jeremiah
Lair:2:   layout_big_grid, minmay_shoals_entry_beasts,
          guppyfry_snake_entry_island, grunt_megastairs_2
Lair:3:   layout_regular_city, chequers_serial_rivers_small_3
Lair:4:   layout_gridlike, dpeg_slime_entry_corner
Lair:5:   minmay_lair_end_frog_pond, layout_regular_city, minivault_25,
          bobbens_dragon_lair_wall, lemuel_fruit_fields, lemuel_fruit_fields
Shoals:1: layout_shoals, nicolae_shop_gadgets
Shoals:2: layout_shoals, uniq_louise
Shoals:3: nicolae_shoals_offshore_bank_account, layout_shoals, serial_shops,
          nicolae_lakefront_shop
Orc:1:    layout_caves, basic_altar, serial_shops,
          nicolae_shop_competitors_out_of_business,
          portal_ice_cave_entry_ice_simulacra
Orc:2:    st_orc_open, layout_diamond_mine, serial_shops, shop,
          guppyfry_library_mini, uniq_nessos

Skill      XL: |  1  2  3  4  5  6  7  8  9 10 11 12 13 14 15 16 |
---------------+-------------------------------------------------+-----
Invocations    | 1 2 3 4 5 6 7 8 9 10 11 12 | 12.4
Short Blades   | 1 2 3 4 5 7 8 9 10 11 | 11.4
Long Blades    | 1 2 3 4 5 7 8 9 10 11 | 11.4
Maces & Flails | 1 2 3 4 5 7 8 9 10 11 | 11.4
Polearms       | 1 2 3 4 5 7 8 9 10 11 | 11.4
Staves         | 1 2 3 4 5 7 8 9 10 11 | 11.4
Ranged Weapons | 1 2 3 4 5 7 8 9 10 11 | 11.4
Throwing       | 1 2 3 4 5 7 8 9 10 11 | 11.4
Stealth        | 1 2 3 4 5 7 8 9 10 11 | 11.4
Shields        | 1 2 3 4 5 7 8 9 10 11 | 11.4
Unarmed Combat | 1 2 3 4 5 7 8 9 10 11 | 11.4
Spellcasting   | 1 2 3 4 5 7 8 9 10 11 | 11.4
Evocations     | 1 2 3 4 5 7 8 9 10 11 | 11.4
Shapeshifting  | 1 2 3 4 5 6 7 8 9 10 | 10.5
Conjurations   | 1 2 3 4 5 6 7 8 9 |  9.6
Hexes          | 1 2 3 4 5 6 7 8 9 |  9.6
Summonings     | 1 2 3 4 5 6 7 8 9 |  9.6
Necromancy     | 1 2 3 4 5 6 7 8 9 |  9.6
Translocations | 1 2 3 4 5 6 7 8 9 |  9.6
Transmutations | 1 2 3 4 5 6 7 8 9 |  9.6
Fire Magic     | 1 2 3 4 5 6 7 8 9 |  9.6
Ice Magic      | 1 2 3 4 5 6 7 8 9 |  9.6
Air Magic      | 1 2 3 4 5 6 7 8 9 |  9.6
Earth Magic    | 1 2 3 4 5 6 7 8 9 |  9.6
Poison Magic   | 1 2 3 4 5 6 7 8 9 |  9.6
Armour         | 5 6 7 8 9 10 11 12 | 12.2
Dodging        | 5 6 7 8 9 10 11 12 | 12.2
Fighting       | 7 8 9 10 11 12 13 | 13.0
Axes           | 7 8 9 10 11 12 13 | 13.0

Action                     |  1- 3 |  4- 6 |  7- 9 | 10-12 | 13-15 | 16-18 || total
---------------------------+-------+-------+-------+-------+-------+-------++-------
  Melee: Hand axe          |   107 |   179 |     1 |       |       |       ||   287
         Bite              |     4 |    18 |    24 |    87 |   135 |    59 ||   327
         Punch             |       |     2 |     6 |     3 |     3 |       ||    14
         War axe           |       |       |   223 |   179 |    18 |       ||   420
         Dire flail        |       |       |       |   234 |   247 |       ||   481
         Battleaxe         |       |       |       |   162 |   587 |   321 ||  1070
  Throw: Dart              |       |       |       |    15 |    24 |    12 ||    51
         Boomerang         |       |       |       |     1 |       |    17 ||    18
         Javelin           |       |       |       |       |     2 |       ||     2
 Invoke: Berserk           |       |     2 |     8 |    15 |    19 |     6 ||    50
         Trog's Hand       |       |     1 |     2 |     3 |    20 |     6 ||    32
         Brothers in Arms  |       |       |       |       |     2 |     1 ||     3
  Evoke: Wand              |       |       |     1 |     3 |     7 |    10 ||    21
         Phial of floods   |       |       |       |       |       |     1 ||     1
    Use: Scroll            |       |       |       |    24 |    13 |     4 ||    41
         Potion            |       |       |       |     1 |     6 |       ||     7
   Stab: Sleeping          |     3 |     2 |       |     4 |       |       ||     9
         Distracted        |       |       |     1 |     2 |     5 |       ||     8
 Armour: Animal skin       |    40 |       |       |       |       |       ||    40
         Ring mail         |    12 |    87 |   172 |   303 |       |       ||   574
         Plate armour      |       |       |       |   272 |  1029 |   390 ||  1691
  Dodge: Dodged            |    67 |   108 |   207 |   469 |   667 |   243 ||  1761
  Block: Buckler           |       |       |       |    57 |       |       ||    57

Table legend: (Time is in decaauts)
 A = Elapsed time spent in this place.
 B = Non-inter-level travel time spent in this place.
 C = Inter-level travel time spent in this place.
 D = Time resting spent in this place.
 E = Time spent auto-exploring this place.
 F = Levels seen in this place.
 G = Mean time per level.
                   A        B        C        D        E       F      G
               +--------+--------+--------+--------+--------+-----+--------+
         Total |  27965 |  26476 |   1489 |   2428 |  18750 |  27 | 1035.7 |
       Dungeon |  16183 |  15246 |    937 |   1600 |  10628 |  15 | 1078.9 |
          Lair |   7030 |   6731 |    299 |    258 |   5325 |   5 | 1406.0 |
        Shoals |   2431 |   2268 |    163 |     98 |   1785 |   3 |  810.3 |
  Orcish Mines |   1712 |   1624 |     88 |    332 |    910 |   2 |  856.0 |
        Bailey |    357 |    357 |      0 |     30 |    102 |   1 |  357.0 |
      Ice Cave |    250 |    250 |      0 |    109 |      0 |   1 |  250.0 |
               +--------+--------+--------+--------+--------+-----+--------+

Top non-repeatable levels by time:
  Lair:5: 1770 daAuts
  Lair:4: 1722 daAuts
    D:15: 1578 daAuts
    D:11: 1502 daAuts
    D:12: 1471 daAuts
  Lair:2: 1449 daAuts
   Orc:2: 1315 daAuts
    D:10: 1257 daAuts
     D:6: 1256 daAuts
     D:8: 1227 daAuts
  Lair:3: 1210 daAuts
Shoals:1: 1199 daAuts
    D:14: 1144 daAuts
     D:3: 1092 daAuts
     D:4: 927 daAuts
